Map: Deathaura LE

Players

Denver - Winner!

  • Race: Zerg Zerg
  • League: Master
  • Spawn Location: 5:00

LiquidClem (Clem)

  • Race: Terran Terran
  • League: Grandmaster
  • Spawn Location: 11:00

Event: DreamHack SC2 Masters 2020 Winter

VOD

Have the link to the VOD?

Description

Time

  • Played on: Nov. 3, 2020, 10:40 a.m.
  • Length: 7:33

All games in this series

Show
View Real Time Build Order
Export as new Build Order

Denver Zerg - Winner!

Build Orders: Pool First 

Get SALT Encoding   

  12  0:00  Drone  
  13  0:12  Overlord  
  13  0:16  Drone  
  14  0:31  Drone x2  
  14  0:35  Drone  
  17  0:42  Extractor  
  17  0:45  Drone  
  17  0:50  Spawning Pool  
  17  0:56  Drone  
  17  1:15  Hatchery  
  16  1:19  Drone  
  16  1:23  Drone  
  18  1:37  Queen  
  18  1:39  Zergling x2  
  21  1:44  Metabolic Boost  
  21  1:52  Overlord  
  21  1:56  Drone  
  22  2:12  Drone x2  
  22  2:13  Queen  
  26  2:24  Zergling x2  
  26  2:27  Zergling x2  
  26  2:28  Queen  
  30  2:33  Zergling x2  
  31  2:49  Hatchery, Drone  
  31  2:52  Drone  
  31  2:56  Overlord  
  32  2:59  Drone  
  32  3:01  Drone  
  34  3:12  Drone x2  
  35  3:18  Drone x2  
  37  3:22  Drone  
  37  3:23  Drone  
  37  3:26  Drone x2  
  41  3:30  Overlord  
  39  3:34  Roach Warren  
  39  3:37  Drone, Extractor  
  39  3:40  Drone  
  39  3:41  Drone  
  39  3:45  Overlord  
  39  3:48  Drone  
  41  3:50  Drone  
  41  3:54  Overlord  
  42  4:15  Roach  
  42  4:16  Roach x7  
  58  4:24  Zergling x8  
  58  4:28  Zergling x6  
  65  4:36  Ravager  
  65  4:37  Ravager  
  67  4:43  Zergling x12  
  73  4:45  Overlord  
  73  4:54  Overlord  
  72  5:03  Zergling x2  
  72  5:04  Zergling x14  
  79  5:16  Zergling x10  
  79  5:18  Ravager  
  79  5:19  Ravager  
  84  5:30  Ravager  
  84  5:33  Zergling x8  
  89  5:42  Zergling x6  
  82  5:45  Zergling x2  
  75  5:52  Zergling x4  
  71  5:58  Zergling x4  
  70  6:04  Ravager  
  70  6:05  Ravager  
  67  6:12  Zergling x8  
  67  6:18  Zergling x6  
  65  6:23  Zergling x4  
  62  6:28  Zergling x6  
  63  6:38  Zergling x10  
  65  6:45  Drone x3  
  64  6:59  Zergling x6  
  64  7:00  Zergling x8  
  70  7:06  Zergling x2  
  70  7:07  Zergling x6  
  69  7:11  Drone x2  
Show
View Real Time Build Order
Export as new Build Order

LiquidClem Terran 

Build Orders: Liberator Opening, Reaper Expand 

Get SALT Encoding   

  12  0:00  SCV  
  13  0:12  SCV  
  14  0:17  Supply Depot  
  14  0:24  SCV  
  15  0:38  SCV  
  15  0:39  Barracks  
  16  0:44  Refinery  
  16  0:50  SCV  
  17  1:02  SCV  
  18  1:14  SCV  
  19  1:26  Reaper, Orbital Command  
  20  1:38  Command Center  
  20  1:47  Supply Depot  
  20  1:52  SCV  
  21  1:57  Marine  
  22  2:04  SCV  
  23  2:08  Factory  
  23  2:14  Bunker  
  23  2:16  SCV  
  23  2:20  Barracks Reactor  
  24  2:27  Refinery  
  24  2:29  SCV  
  25  2:41  SCV  
  25  2:50  Orbital Command  
  25  2:53  SCV  
  25  2:56  Starport  
  26  3:01  Marine  
  26  3:02  Marine  
  28  3:05  SCV  
  29  3:15  SCV  
  29  3:17  SCV  
  31  3:25  Supply Depot  
  31  3:26  Barracks Tech Lab  
  31  3:28  SCV  
  31  3:30  SCV, Hellion x2  
  31  3:34  Liberator  
  37  3:40  SCV  
  41  3:42  SCV  
  41  3:46  Stimpack  
  42  3:49  Supply Depot  
  42  3:51  Hellion  
  42  3:52  SCV, Hellion  
  48  3:55  SCV  
  48  4:05  SCV  
  48  4:07  SCV  
  50  4:11  Command Center  
  50  4:15  Hellion  
  50  4:17  Hellion  
  54  4:19  Starport Reactor  
  54  4:21  SCV x2  
  56  4:28  Barracks  
  56  4:32  Marine  
  56  4:33  SCV  
  56  4:34  SCV  
  56  4:36  Supply Depot  
  59  4:41  Barracks  
  59  4:45  SCV  
  60  4:47  SCV, Factory Tech Lab  
  60  4:48  Supply Depot  
  60  4:50  Marine  
  62  4:57  SCV  
  62  4:59  SCV  
  64  5:00  Bunker  
  64  5:06  Siege Tank  
  67  5:07  Bunker  
  67  5:08  Marauder  
  67  5:11  Supply Depot  
  69  5:15  SCV x2  
  69  5:19  Medivac  
  73  5:24  Supply Depot  
  73  5:25  Refinery, Marine x2  
  73  5:26  SCV  
  73  5:28  Combat Shield  
  73  5:30  Marauder  
  73  5:32  Marine  
  76  5:36  Marine  
  76  5:40  Siege Tank  
  78  5:44  Marine x2  
  78  5:48  SCV  
  66  5:53  Marine  
  66  5:56  Marine x2  
  57  6:02  Marine x2  
  49  6:08  SCV x2  
  49  6:11  Marine  
  44  6:12  Siege Tank  
  44  6:14  Marine  
  44  6:17  Orbital Command  
  42  6:20  SCV  
  42  6:24  Marine  
  42  6:25  Marine x2  
  40  6:30  Marine  
  40  6:31  SCV  
  38  6:34  Marine  
  38  6:38  SCV  
  38  6:41  Marine  
  38  6:43  Marine  
  38  6:45  Marine  
  39  6:50  SCV  
  39  6:51  Marine  
  38  6:58  Marine  
  39  7:02  Marine  
  39  7:03  Marine  
  39  7:04  SCV  
  36  7:09  SCV  
  32  7:17  SCV  
Tags
 
Add a new tag
Caveats
  • Supply blocks, unpowered buildings, or Contaminate may cause inaccurate times.
  • Supply counts are checked every 10 seconds.